Map: Inside and Out

Players

A.I. 1 (Very Easy)

  • Race: Zerg Zerg
  • Spawn Location: 1:00

Goliath - Winner!

  • Race: Terran Terran
  • League: Grandmaster
  • Spawn Location: 7:00

VOD

Have the link to the VOD?

Description

Time

  • Played on: Aug. 11, 2022, 6:33 a.m.
  • Length: 17:46
Show
View Real Time Build Order
Export as new Build Order

A.I. 1 (Very Easy) Zerg 

Build Orders: Hatch First 

Get SALT Encoding   

  12  0:01  Drone  
  13  0:12  Overlord  
  13  0:16  Drone  
  14  0:41  Hatchery  
  13  0:45  Drone  
  14  1:05  Spawning Pool  
  14  1:07  Extractor  
  14  1:08  Drone  
  13  1:16  Drone  
  14  1:22  Overlord  
  14  1:53  Zergling x2, Queen  
  17  1:55  Zergling x2  
  18  2:02  Roach Warren  
  18  2:06  Drone  
  18  2:10  Extractor  
  18  2:15  Drone  
  18  2:17  Zergling x2  
  19  2:23  Drone  
  20  2:30  Drone  
  21  2:37  Drone  
  22  2:44  Drone  
  23  2:51  Drone  
  23  2:56  Lair  
  24  3:00  Drone  
  25  3:27  Drone  
  26  3:35  Drone  
  27  3:42  Drone, Overlord  
  28  3:49  Drone  
  28  3:54  Spire  
  28  3:56  Drone  
  29  4:03  Drone, Overseer  
  30  4:10  Overseer  
  30  4:11  Drone  
  31  4:18  Drone  
  32  4:25  Drone  
  32  4:26  Overlord  
  33  4:32  Drone  
  34  4:39  Drone  
  35  4:46  Drone  
  35  4:47  Extractor  
  35  4:53  Extractor  
  35  4:54  Drone  
  35  5:01  Drone  
  35  5:06  Mutalisk  
  36  5:08  Drone  
  39  5:15  Drone  
  40  5:22  Drone  
  41  5:29  Drone  
  42  5:37  Drone  
  42  5:39  Overlord  
  43  5:44  Drone  
  43  5:45  Mutalisk  
  46  5:51  Drone, Overseer  
  47  5:57  Overlord  
  47  5:58  Drone  
  48  6:05  Drone  
  49  10:28  Pneumatized Carapace  
  49  10:30  Overlord x2, Overseer  
  49  10:31  Infestation Pit  
  49  10:32  Drone  
  49  10:33  Hydralisk Den  
  48  10:39  Drone  
  49  10:48  Zergling x2  
  43  11:13  Hive  
  43  11:17  Hydralisk  
  45  12:21  Hatchery  
  44  12:28  Ultralisk Cavern  
  43  13:17  Ultralisk  
  50  13:34  Drone  
  51  13:41  Drone  
  51  13:44  Extractor  
  51  13:48  Drone, Extractor  
  51  13:55  Drone  
  51  13:58  Overseer  
  51  14:23  Hydralisk  
  53  14:26  Drone  
  43  14:33  Drone  
  41  14:40  Drone  
  42  14:48  Drone, Queen  
  42  14:52  Zergling x2  
  42  14:55  Drone  
  41  15:03  Drone  
  35  15:10  Drone  
  31  15:17  Drone  
  31  15:20  Roach  
  33  15:26  Drone  
  33  15:33  Drone  
  33  15:40  Drone  
  32  15:46  Ravager, Roach, Overseer  
  32  15:47  Drone  
  35  15:54  Drone  
  35  15:57  Hydralisk  
  35  16:02  Drone  
  36  16:09  Drone  
  36  16:10  Ravager  
  36  16:11  Roach  
  39  16:16  Drone  
  39  16:23  Drone  
  38  16:30  Drone  
  38  16:38  Drone  
  40  16:43  Queen  
  39  16:48  Zergling x2  
  30  16:57  Drone  
  30  16:58  Overseer  
Show
View Real Time Build Order
Export as new Build Order

Goliath Terran - Winner!

Build Orders: Reaper Expand 

Get SALT Encoding   

  12  0:02  SCV  
  13  0:14  SCV  
  13  0:18  Supply Depot  
  14  0:26  SCV  
  15  0:39  SCV  
  16  0:42  Barracks  
  16  0:47  Refinery  
  16  0:51  SCV  
  17  1:03  SCV  
  18  1:15  SCV  
  19  1:30  Reaper  
  19  1:31  Orbital Command  
  20  1:40  Command Center  
  20  1:48  Supply Depot  
  20  1:57  SCV  
  21  2:03  Marine  
  22  2:09  SCV  
  22  2:12  Factory  
  23  2:21  SCV  
  24  2:23  Barracks Reactor  
  24  2:34  SCV  
  25  2:43  Command Center  
  25  2:46  SCV  
  26  2:51  Orbital Command  
  26  2:58  SCV  
  27  3:03  Barracks  
  27  3:10  SCV  
  28  3:14  Hellion x2  
  28  3:15  Barracks Tech Lab  
  28  3:18  SCV  
  33  3:22  SCV  
  33  3:25  Refinery  
  34  3:32  SCV  
  35  3:34  SCV  
  35  3:35  Hellion x2, Marine  
  35  3:39  Stimpack  
  41  3:44  SCV  
  41  3:46  SCV  
  43  3:51  Starport  
  43  3:56  SCV  
  43  3:57  Orbital Command  
  43  3:58  SCV  
  43  3:59  Marine  
  46  4:04  Marine x2  
  46  4:05  Factory Reactor  
  46  4:08  SCV  
  49  4:10  SCV  
  49  4:11  Supply Depot  
  50  4:17  Marine  
  50  4:20  Supply Depot  
  50  4:21  Marine x2  
  50  4:23  SCV  
  50  4:24  Orbital Command, SCV  
  55  4:35  Refinery  
  55  4:36  SCV x2  
  57  4:39  Marine  
  57  4:40  Refinery, Marine x2  
  60  4:47  Medivac x2  
  60  4:50  Factory Tech Lab, SCV x2  
  60  4:51  Barracks  
  60  4:52  Supply Depot  
  66  5:00  Marine  
  66  5:01  Marine x2  
  66  5:02  Engineering Bay x2  
  66  5:03  SCV  
  66  5:04  SCV  
  66  5:05  SCV  
  72  5:13  Siege Tank  
  75  5:18  Marine x3  
  75  5:19  Combat Shield  
  78  5:25  SCV x3  
  78  5:27  Starport Reactor  
  81  5:31  Supply Depot  
  81  5:34  Supply Depot  
  81  5:35  Terran Infantry Armor Level 1, Terran Infantry Weapons Level 1  
  81  5:37  SCV x3  
  84  5:47  Marine  
  85  5:53  SCV x3, Marine x4  
  85  5:55  Barracks  
  85  5:56  Siege Tank  
  95  5:57  Barracks  
  95  6:04  Supply Depot  
  95  6:05  Supply Depot  
  95  6:06  Medivac  
  95  6:07  Medivac  
  95  6:09  SCV x2  
  101  6:25  Armory, Marine x5  
  101  6:26  SCV  
  101  6:27  SCV  
  101  6:30  Siege Tank, Supply Depot  
  111  6:38  Medivac, Supply Depot  
  113  6:43  SCV, Marine x2  
  117  6:48  Factory  
  117  6:49  Refinery x2  
  117  6:51  SCV, Marine x2, Supply Depot  
  117  6:52  SCV, Marine, Supply Depot  
  121  6:54  Barracks Reactor x2  
  121  6:58  Concussive Shells  
  121  7:01  SCV, Marine x2  
  121  7:04  SCV  
  125  7:09  Marine x2  
  125  7:10  Marine  
  125  7:15  Command Center  
  128  7:16  Medivac, Siege Tank  
  128  7:21  SCV x2  
  128  7:22  SCV  
  136  7:28  Marine x5, Supply Depot x2  
  141  7:35  Terran Infantry Weapons Level 2  
  141  7:39  Terran Infantry Armor Level 2  
  141  7:47  Terran Vehicle Weapons Level 1  
  141  7:50  Marine, Supply Depot  
  141  7:51  Marine x6, Supply Depot  
  146  7:52  Marine x2  
  146  7:55  SCV x3  
  153  8:01  Siege Tank  
  153  8:02  Medivac, Factory Tech Lab  
  158  8:08  Marine x2  
  158  8:09  Marine x4  
  158  8:11  Supply Depot  
  164  8:12  Supply Depot  
  164  8:13  Marine x3  
  164  8:15  Medivac  
  164  8:17  SCV x3  
  172  8:24  Siege Tank  
  172  8:26  Marine x6  
  180  8:31  Marine  
  180  8:32  Marine x2  
  180  8:33  Medivac  
  186  8:35  Siege Tank  
  189  8:44  Marine x6  
  189  8:45  Medivac  
  197  8:50  SCV x3  
  200  8:56  Planetary Fortress  
  200  9:02  Barracks  
  200  9:03  Barracks  
  200  9:05  Barracks  
  200  9:11  Ghost Academy  
  200  9:14  Command Center  
  200  9:18  Factory  
  200  9:20  Factory  
  200  9:27  Command Center  
  200  9:34  Command Center  
  200  9:35  Engineering Bay  
  200  9:36  Engineering Bay  
  200  9:50  Command Center  
  200  9:52  Barracks Tech Lab x2  
  200  9:53  Barracks Tech Lab  
  200  9:58  Terran Infantry Weapons Level 3, Terran Vehicle Weapons Level 2, Terran Infantry Armor Level 3  
  200  10:04  Factory Reactor x2  
  200  10:25  Engineering Bay  
  200  10:26  Command Center  
  200  10:31  Refinery  
  200  10:32  Orbital Command, Refinery  
  200  10:40  Drilling Claws  
  200  10:58  Personal Cloaking  
  200  11:07  Orbital Command x3  
  200  11:41  Refinery  
  200  11:43  Missile Turret  
  200  11:45  Sensor Tower, Refinery  
  200  11:47  Sensor Tower, Orbital Command, Missile Turret  
  200  11:50  Missile Turret x2  
  200  11:56  Missile Turret  
  200  11:57  Command Center  
  200  11:58  Infernal Pre-Igniter, Sensor Tower  
  124  12:17  Ghost  
  124  12:18  Ghost x3  
  124  12:19  Hellbat  
  124  12:20  Hellbat x3  
  124  12:21  Siege Tank x2  
  143  12:23  Enhanced Shockwaves  
  143  12:35  Refinery  
  143  12:38  Refinery  
  143  12:46  Ghost, Liberator x2  
  143  12:47  Ghost x3  
  143  12:49  Hellbat x4  
  165  12:53  Terran Vehicle Weapons Level 3, Siege Tank x2  
  171  13:13  Hellbat x2  
  171  13:14  Hellbat x2  
  171  13:15  Ghost x4  
  187  13:21  Planetary Fortress  
  187  13:28  Command Center  
  187  13:29  Liberator x2  
  193  13:42  Nuke  
  193  13:48  Missile Turret  
  193  13:53  Sensor Tower  
  193  13:57  Sensor Tower  
  193  14:06  Ghost x3  
  199  15:30  Orbital Command  
  199  15:45  Command Center  
  199  15:46  Command Center  
  199  15:47  Command Center  
  199  15:48  Engineering Bay  
  199  15:49  Engineering Bay  
  199  15:50  Engineering Bay  
  199  15:51  Engineering Bay  
Tags
 
Add a new tag
Caveats
  • Supply blocks, unpowered buildings, or Contaminate may cause inaccurate times.
  • Supply counts are checked every 10 seconds.